AoeStats
← TTAITAI

MegaRandom

509636235Analyzed
4v4 RM · 4d ago on Sep 27, 2026· 29m 59s· 8 players
Game mode
Random Map
Map size
Large (8 player)
Population
200
Speed
Normal
Resources
Standard
Victory
Conquest
Starting age
Dark Age
Ending age
Imperial Age
RankedLock teamsTeams togetherTeam positionsShared explorationLock speedFull tech treeHidden civsTurbo modeCheats
Victory
Defeat
🇪🇸 Japanese · Spain
1263
+12
🇪🇸 Spanish · Spain
1203
+14
🇪🇸 Malay · Spain
1196
+14
🇦🇷 Magyars · Argentina
1100
+17
🇧🇷 Dravidians · Brazil
1198
-16
🇷🇴 Japanese · Romania
1157
-14
🇹🇼 Persians · Taiwan
1153
-14
🇨🇳 Inca · China
1129
-13
TTAITAI
4:22 Loom
10:51 Feudal Age
11:15 Double-Bit Axe
12:25 Horse Collar
22:06 Castle Age
20:49 Bloodlines
21:28 Scale Barding Armor
22:36 Forging
22:39 Husbandry
23:04 Chain Barding Armor
23:35 Bow Saw
25:48 Chain Barding Armor
25:51 Heavy Plow
27:48 Iron Casting
30:04 Wheelbarrow
AestivalCloud79
2:52 Loom
13:42 Feudal Age
18:04 Double-Bit Axe
22:27 Castle Age
20:36 Horse Collar
21:15 Gold Mining
21:29 Fletching
23:29 Padded Archer Armor
23:50 Stone Mining
27:24 Bodkin Arrow
27:44 Leather Archer Armor
HAHA
2:38 Loom
12:23 Feudal Age
16:41 Castle Age
15:39 Double-Bit Axe
17:58 Bow Saw
17:29 Horse Collar
18:51 Fletching
22:51 Bodkin Arrow
23:07 Heavy Plow
26:31 Padded Archer Armor
27:56 Thumb Ring
28:08 Leather Archer Armor
游侠不语只会屠民
luissm82
10:50 Feudal Age
18:29 Gold Mining
21:28 Castle Age
19:30 Double-Bit Axe
19:27 Horse Collar
20:19 Scale Barding Armor
22:06 Bloodlines
23:25 Chain Barding Armor
23:39 Bow Saw
24:31 Forging
25:52 Loom
27:38 Stone Mining
28:42 Pikeman
DonQuijote
3:16 Loom
6:11 Loom
14:11 Feudal Age
17:52 Castle Age
16:05 Double-Bit Axe
16:02 Horse Collar
18:48 Bow Saw
18:53 Town Watch
20:02 Wheelbarrow
24:07 Stone Mining
25:51 Heavy Plow
27:04 Fervor
26:49 Fletching
27:05 Gold Mining
28:10 Sanctity
27:51 Bodkin Arrow
29:11 Murder Holes
29:07 Guard Tower
29:47 Yasama
30:16 Padded Archer Armor
PachiSeg
3:16 Loom
15:55 Feudal Age
18:16 Fletching
22:36 Castle Age
20:45 Stone Mining
24:28 Pikeman
25:09 Squires
29:49 Horse Collar
29:40 Elite Skirmisher
carcaage
6:47 Loom
10:30 Feudal Age
11:54 Double-Bit Axe
13:36 Horse Collar
19:01 Wheelbarrow
22:15 Castle Age
21:26 Bloodlines
21:23 Gold Mining
22:07 Scale Barding Armor
23:12 Husbandry
23:42 Light Cavalry
25:31 Chain Barding Armor
28:10 Bow Saw
Connection lost

Rejoining the realm…

Still unreachable

The connection could not be restored.

Session expired

The server has moved on; the page needs a fresh start.